 Dungeon Crawl Stone Soup version 0.29.1-12-g30fa7ad0bf (webtiles) character file.

Game seed: 17176423955004383677

261 DemonSlayer the Digger (level 5, -3/54 HPs)
             Began as a Demonspawn Earth Elementalist on Dec 16, 2022.
             Slain by Blork the orc
             ... wielding a +2 long sword of distortion
              (19 damage)
             ... on level 4 of the Dungeon.
             The game lasted 00:06:21 (3863 turns).

DemonSlayer the Digger (DsEE)                       Turns: 3863, Time: 00:06:22

Health: -3/54      AC: 22    Str:  9    XL:     5   Next: 96%
Magic:  8/10       EV:  2    Int: 18    God:
Gold:   146        SH:  0    Dex: 17    Spells: 5/11 levels left

rFire   . . .      SeeInvis .   e - +0 hand axe
rCold   . . .      Faith    .   (no shield)
rNeg    . . .      Spirit   .   (body armour currently unavailable)
rPois   +          Reflect  .   (helmet currently unavailable)
rElec   .          Harm     .   (cloak currently unavailable)
rCorr   .          Rampage  .   (gloves currently unavailable)
Will    .....      NoTele   +   (boots currently unavailable)
Stlth   ++++......              f - amulet of regeneration
HPRegen 0.98/turn               (no ring)
MPRegen 0.12/turn               (no ring)

@: tree-form
A: stationary, stasis, torment immunity, boosted hp, thin skeletal structure 2,
(weakness stinger 1)
a: no special abilities


You were on level 4 of the Dungeon.
You were a tree.
You visited 1 branch of the dungeon, and saw 4 of its levels.

You collected 146 gold pieces.

Inventory:

Hand Weapons
 e - a +0 hand axe (weapon)
Armour
 q - a +0 pair of gloves (melded)
 r - the +3 leather armour of Lugonu's Castigation (melded) {rPois}
   (You found it on level 2 of the Dungeon)

   rPois:     It protects you from poison.
Jewellery
 f - an amulet of regeneration (around neck)
Scrolls
 c - 2 scrolls of teleportation {unknown}
 j - a scroll of enchant armour {unknown}
 k - a scroll of noise {unknown}
 o - 2 scrolls of immolation
 s - a scroll of fog {unknown}
Potions
 a - a potion of flight {unknown}
 b - 2 potions of magic
 g - a potion of invisibility {unknown}
 h - 2 potions of brilliance
 i - 2 potions of mutation
 l - a potion of degeneration {unknown}
 m - a potion of heal wounds {unknown}
 p - 4 potions of lignification


   Skills:
 + Level 0.5 Fighting
 + Level 0.4 Axes
 + Level 0.3 Armour
 + Level 2.3 Dodging
 + Level 1.9 Stealth
 + Level 0.1 Unarmed Combat
 + Level 3.9 Spellcasting
 + Level 0.8 Transmutations
 + Level 4.4 Earth Magic


You had 5 spell levels left.
You knew the following spells:

 Your Spells              Type           Power      Damage    Failure   Level
a - Sandblast             Erth           38%        2d10      2%          1
b - Stone Arrow           Conj/Erth      22%        3d8       19%         3
c - Ensorcelled Hibernat  Hex/Ice        6%         N/A       22%         2

Your spell library contained the following spells:

 Spells                   Type           Power      Damage    Failure   Level
 Passwall                 Tmut/Erth      10%        N/A       8%          2
 Call Canine Familiar     Summ           3%         N/A       41%         3
 Portal Projectile        Hex/Tloc       6%         N/A       41%         3
 Swiftness                Air            3%         N/A       41%         3
 Petrify                  Tmut/Erth      13%        N/A       45%         4
 Leda's Liquefaction      Hex/Erth       5%         N/A       52%         4
 Iskenderun's Battlesphe  Conj           3%         2d6       99%         5
 Iron Shot                Conj/Erth      5%         9d2       100%        6
 Spellforged Servitor     Conj/Summ      1%         N/A       100%        7


Dungeon Overview and Level Annotations

Branches:
Dungeon (4/15)
 Temple: D:4-7

Altars:

Annotations:
D:4 Blork the orc


Innate Abilities, Weirdness & Mutations

You are a tree.
Your roots penetrate the ground, keeping you stationary.
You cannot be teleported.
You are immune to unholy pain and torment.
Your maximum health is greatly increased.
Your equipment is partially melded.
You have a moderately thin skeletal structure. (Dex +4, Stealth++)
((You have a small tail.))


Message History

Blork the orc casts a spell.
Blork the orc seems to speed up.
The blast of sand hits Blork the orc!
Blork the orc is severely wounded.
The blast of sand hits Blork the orc but does no damage.
Blork the orc is severely wounded.
Blork the orc hits you with a +2 long sword of distortion.
Space warps horribly around you!
Blork the orc hits you with a +2 long sword of distortion!
Space warps around you.
* * * LOW HITPOINT WARNING * * *
Okay, then.
Okay, then.
Okay, then.
Really quaff the potion of lignification?
You turn into a tree.
Your +0 pair of gloves melds into your body.
The +3 leather armour of Lugonu's Castigation {rPois} melds into your body.
Your roots penetrate the ground.
Blork the orc gestures at you while chanting.
The puff of frost hits you!
* * * LOW HITPOINT WARNING * * *
Unknown command.
Unknown command.
Okay, then.
You feel better. Blork the orc barely misses you.
A kobold comes into view.
It is wielding a +0 dagger and quivering poisoned darts.
Blork the orc hits you with a +2 long sword of distortion.
* * * LOW HITPOINT WARNING * * *
You feel better.
Blork the orc hits you with a +2 long sword of distortion.
* * * LOW HITPOINT WARNING * * *
Space warps around you.
* * * LOW HITPOINT WARNING * * *
The orc hits you but does no damage.
You feel better.
The kobold shouts!
Blork the orc hits you but does no damage.
Space warps horribly around you!!
You die...

.K ....#......#...
.. ...............
.. .............
.###.........# #
...........##
##.............#..
#...#o...........#
#....♣o..#..#
...........#.##
.............##
.....#....##<.#
.....##........#
.... .............
##. ##.....#.....#
#. #....###....#
#.... ......


You could see Blork the orc (fast), an orc and a kobold.

Vanquished Creatures
  2 scorpions (D:3)
  An orc priest (D:3)
  3 gnolls
  An adder (D:3)
  A worm (D:3)
  2 dart slugs
  4 orcs (D:3)
  9 ball pythons
  5 bats
  6 endoplasms
  5 giant cockroaches
  7 goblins
  5 hobgoblins
  A jackal (D:1)
  2 quokkas (D:1)
  A frilled lizard (D:1)
  5 kobolds
  6 rats
66 creatures vanquished.

Notes
Turn   | Place    | Note
-------+----------+-------------------------------------------
     0 | D:1      | DemonSlayer the Demonspawn Earth Elementalist began the
                  | quest for the Orb.
     0 | D:1      | Reached XP level 1. HP: 13/13 MP: 3/3
    87 | D:1      | Reached skill level 3 in Earth Magic
   161 | D:1      | Gained mutation: You have a somewhat thin skeletal
                  | structure. (Dex +2, Stealth+) [demonic ancestry]
   161 | D:1      | Reached XP level 2. HP: 19/19 MP: 3/5
   185 | D:1      | Found a faded altar of an unknown god.
  1155 | D:1      | Reached XP level 3. HP: 22/24 MP: 3/6
  1612 | D:1      | Learned a level 3 spell: Stone Arrow
  1915 | D:2      | Gained mutation: You have a small tail. [demonic ancestry]
  1915 | D:2      | Reached XP level 4. HP: 30/31 MP: 4/8
  1952 | D:2      | Identified the +3 leather armour of Lugonu's Castigation
                  | {rPois}
  2345 | D:2      | Learned a level 2 spell: Ensorcelled Hibernation
  2483 | D:3      | Noticed a scorpion
  2490 | D:3      | Killed a scorpion
  2491 | D:3      | Reached skill level 4 in Earth Magic
  2491 | D:3      | Gained mutation: You have a moderately thin skeletal
                  | structure. (Dex +4, Stealth++) [demonic ancestry]
  2491 | D:3      | Reached XP level 5. HP: 22/36 MP: 4/10
  3500 | D:4      | Noticed Blork the orc
  3863 | D:4      | Slain by Blork the orc

Illustrated notes

Levels and vault maps discovered:
D:1:      dpeg_arrival_brainrot, layout_basic, chequers_ecumenical_altar_island,
          kennysheep_nondescript
D:2:      layout_basic
D:3:      layout_loops_corners
D:4:      layout_cave_pools, minmay_cupped, uniq_blork_the_orc

Skill      XL: |  1  2  3  4 |
---------------+-------------+-----
Earth Magic    | 3 4 |  4.4
Dodging        | 2 |  2.3
Spellcasting   | 3 |  3.9
Fighting       | |  0.5
Axes           | |  0.4
Armour         | |  0.3
Stealth        | |  1.9
Unarmed Combat | |  0.1
Transmutations | |  0.8

Action                   |  1- 3 |  4- 6 || total
-------------------------+-------+-------++-------
Melee: Hand axe          |    16 |    15 ||    31
       Unarmed           |     6 |       ||     6
       Tailslap          |       |     3 ||     3
 Cast: Sandblast         |    51 |    62 ||   113
  Use: Scroll            |       |     7 ||     7
       Potion            |       |     4 ||     4
 Stab: Sleeping          |     2 |       ||     2
Armor: Robe              |     2 |       ||     2
       Leather armour    |       |    27 ||    27
       Skin              |       |     2 ||     2
Dodge: Dodged            |    30 |    52 ||    82
